 Dungeon Crawl Stone Soup version 0.19-a0-1008-g4c63d25 (webtiles) character file.

284 epen the Changer (level 6, -5/46 HPs)
             Began as a Merfolk Transmuter on July 23, 2016.
             Slain by Menkaure (21 damage)
             ... on level 4 of the Dungeon.
             The game lasted 00:05:07 (3246 turns).

epen the Changer (Merfolk Transmuter)               Turns: 3246, Time: 00:05:08

Health: -5/46      AC:  2    Str: 10    XL:     6   Next: 29%
Magic:  9/11       EV: 23    Int: 14    God:
Gold:   126        SH:  0    Dex: 20    Spells: 3 memorised, 6 levels left

rFire  . . .     SeeInvis .       - Unarmed
rCold  . . .     Gourm    .     (armour currently unavailable)
rNeg   . . .     Faith    .     (shield currently unavailable)
rPois  x         Spirit   .     (helmet currently unavailable)
rElec  .         Dismiss  .     (cloak currently unavailable)
rCorr  .         Reflect  .     (gloves currently unavailable)
SustAt .         Harm     .     (boots currently unavailable)
MR     .....                    (no amulet)
Stlth  ++........               (no ring)
                                (no ring)

@: spider-form (expiring), not resistant to hostile enchantments, unstealthy
A: (change form in water), (swift swim)
a: End Transformation


You were on level 4 of the Dungeon.
You were hungry.
You were a venomous arachnid creature.
You visited 1 branch of the dungeon, and saw 4 of its levels.

You collected 126 gold pieces.

Inventory:

Missiles
 a - 29 arrows
Armour
 b - a +0 robe (melded)
 n - a +1 cloak (melded)
Magical Staves
 v - an uncursed staff of air
Jewellery
 g - a +1 ring of evasion {unknown}
Wands
 m - a wand of polymorph (12/24)
 u - a wand of flame (16/48)
Scrolls
 e - 3 scrolls of remove curse {unknown}
 f - a scroll of enchant armour {unknown}
 i - a scroll of fog {unknown}
 j - a scroll of amnesia {unknown}
 q - a scroll of noise {unknown}
Potions
 h - a potion of haste {unknown}
 k - a potion of lignification {unknown}
 l - 2 potions of curing {unknown}
 p - 2 potions of degeneration {unknown}
 t - a potion of might {unknown}
Books
 c - a book of Changes

   Spells                             Type                      Level
   a - Beastly Appendage              Transmutation                1
   b - Sticks to Snakes               Transmutation                2
   c - Spider Form                    Transmutation/Poison         3
   d - Ice Form                       Ice/Transmutation            4
   e - Blade Hands                    Transmutation                5
Comestibles
 d - a bread ration
 r - a meat ration
 s - a royal jelly


   Skills:
 + Level 2.8 Fighting
 + Level 4.1 Dodging
 + Level 4.1 Unarmed Combat
 * Level 3.5 Spellcasting
 * Level 4.7 Transmutations


You had 6 spell levels left.
You knew the following spells:

 Your Spells              Type           Power        Failure   Level  Hunger
a - Beastly Appendage     Tmut           ###...       10%         1    #......
b - Sticks to Snakes      Tmut           ###.....     14%         2    ##.....
c - Spider Form           Tmut/Pois      #.........   45%         3    ###....


Dungeon Overview and Level Annotations

Branches:
Dungeon (4/15)
 Temple: D:4-7

Altars:

Annotations:
D:4 Menkaure


Message History

Unknown command.
You hit Menkaure.
Menkaure is moderately damaged.
The giant gecko barely misses you. Menkaure completely misses you.
You barely miss Menkaure.
Menkaure is moderately damaged.
The giant gecko completely misses you. Menkaure closely misses you.
The giant gecko completely misses you.
You hit Menkaure.
Menkaure is moderately damaged.
Your transformation is almost over.
Menkaure completely misses you. The giant gecko bites you.
You hit Menkaure.
Menkaure is severely damaged.
Menkaure completely misses you. The giant gecko misses you.
Menkaure completely misses you.
You completely miss Menkaure.
Menkaure is severely damaged.
The giant gecko closely misses you. Menkaure hits you!!
You die...

#############
#.....l......
#.s.#
#....M..#
##.......#
#.......$.
#.......###
##.....##
.......
###.#####


You could see Menkaure and a giant gecko.

Vanquished Creatures
  An ogre (D:4)
  Crazy Yiuf (D:2)
  An orc wizard (D:3)
  6 adders
  A worm (D:3)
  2 dart slugs
  4 giant geckos
  7 orcs (D:3)
  6 giant cockroaches
  8 goblins
  4 hobgoblins
  11 jackals
  4 kobolds
  2 quokkas
  7 bats
  2 giant newts
  3 rats
70 creatures vanquished.

Notes
Turn   | Place    | Note
-------+----------+-------------------------------------------
     0 | D:1      | epen the Merfolk Transmuter began the quest for the Orb.
     0 | D:1      | Reached XP level 1. HP: 15/15 MP: 3/3
    59 | D:1      | Reached XP level 2. HP: 4/21 MP: 3/5
   304 | D:1      | Learned a level 2 spell: Sticks to Snakes
   801 | D:1      | Reached XP level 3. HP: 21/27 MP: 6/6
  1192 | D:1      | Learned a level 3 spell: Spider Form
  1348 | D:2      | Found a runed door.
  1760 | D:2      | Reached XP level 4. HP: 27/33 MP: 3/7
  2280 | D:2      | Noticed Crazy Yiuf
  2292 | D:2      | Killed Crazy Yiuf
  2329 | D:3      | Reached XP level 5. HP: 33/38 MP: 6/9
  2970 | D:4      | Noticed an ogre
  2987 | D:4      | Killed an ogre
  2987 | D:4      | Reached XP level 6. HP: 9/46 MP: 7/11
  3235 | D:4      | Noticed Menkaure
  3246 | D:4      | Slain by Menkaure

Vault maps used:
D:1:      shiori_arrival_elements
D:2:      solitary_fountain, uniq_crazy_yiuf_cottage
D:4:      led_sif_book, gammafunk_pakellas_spire_experiment, first_bread,
          nicolae_dithmenos_the_darkroom, uniq_menkaure, uniq_eustachio

Skill      XL: |  1  2  3  4  5 |
---------------+----------------+-----
Dodging        | 3 4 |  4.1
Transmutations | 3 4 |  4.7
Fighting       | 2 |  2.8
Unarmed Combat | 4 |  4.1
Spellcasting   | 3 |  3.5

Action                   |  1- 3 |  4- 6 || total
-------------------------+-------+-------++-------
Melee: Unarmed           |   122 |   179 ||   301
       Headbutt          |     2 |       ||     2
       Punch             |     2 |       ||     2
 Cast: Beastly Appendage |     1 |     1 ||     2
       Spider Form       |     2 |     9 ||    11
 Stab: Sleeping          |     3 |     1 ||     4
  Eat: Bread ration      |     1 |       ||     1
       Chunk             |       |     4 ||     4
Armor: Robe              |    26 |    34 ||    60
       Skin              |       |     2 ||     2
Dodge: Dodged            |    89 |   198 ||   287
